PAA
IRVING BLUE SOX @ SPRINGFIELD SHOOTERS
09/15/2020
 
TOP OF THE 1ST
Irving Blue Sox batting - Pitching for Springfield Shooters : RHP Jim Unknown
Pitching: RHP Jim Unknown
Batting: RHB Nathan Boswell 0-0: Called Strike
0-1: Ball
1-1: Foul Ball, location: 2F
1-2: Fly out, F4 (Popup, 4D)
Batting: RHB Júlio López 0-0: Ball
1-0: Ball
2-0: Called Strike
2-1: Foul Ball, location: 2F
2-2: Strikes out swinging
Batting: RHB Stan Barnes 0-0: Called Strike
0-1: Ball
1-1: Ball
2-1: Ball
3-1: SINGLE (Line Drive, 89S)
Batting: RHB Dennis Newell 0-0: Called Strike
0-1: Ball
Wild Pitch!
Stan Barnes to second
1-1: SINGLE (Groundball, 56D)
Stan Barnes to third
Runner from 3rd tries for Home, SAFE, no throw or cutoff
Batting: LHB Kyle James 0-0: SINGLE (Line Drive, 7LS)
Dennis Newell to second
Batting: RHB Pat Lugo 0-0: SINGLE (Line Drive, 89M)
Dennis Newell to third
Kyle James to second
Runner from 3rd tries for Home, SAFE, throw made home
Kyle James to third
Pat Lugo to second
Batting: RHB Danny Hall 0-0: Foul Ball, location: 2F
0-1: Swinging Strike
0-2: Ball
1-2: Strikes out swinging
Top of the 1st over - 2 run(s), 4 hit(s), 0 error(s), 2 left on base; Irving 2 - Springfield 0
BOTTOM OF THE 1ST
Springfield Shooters batting - Pitching for Irving Blue Sox : RHP Andy Perry
Pitching: RHP Andy Perry
Batting: RHB Tom Potts 0-0: Called Strike
0-1: Bunted foul
0-2: Ball
1-2: Ball
2-2: Ball
3-2: Base on Balls
Batting: RHB Jim Unknown 0-0: Ball
Wild Pitch!
Tom Potts to second
1-0: Ball
2-0: Called Strike
2-1: Ball
3-1: Foul Ball, location: 2F
3-2: Strikes out swinging
Batting: SHB Jared Jefferson 0-0: Called Strike
0-1: SINGLE (Groundball, 34D)
Tom Potts to third
Batting: RHB Randy Galloway 0-0: Called Strike
0-1: Ball
1-1: Ball
2-1: Called Strike
2-2: Ball
3-2: Base on Balls
Jared Jefferson to second
Batting: SHB Adrián Pueblo 0-0: Swinging Strike
0-1: Fielders Choice at 2nd, 5-4 (Groundball, 56)
Tom Potts scores
Jared Jefferson to third
Batting: RHB Jim Unknown 0-0: Foul Ball, location: 2F
0-1: Ball
1-1: Ball
2-1: Ball
3-1: Called Strike
3-2: Foul Ball, location: 2F
3-2: Foul Ball, location: 2F
3-2: Fly out, F8 (Line Drive, 8RD)
Bottom of the 1st over - 1 run(s), 1 hit(s), 0 error(s), 2 left on base; Irving 2 - Springfield 1
TOP OF THE 2ND
Irving Blue Sox batting - Pitching for Springfield Shooters : RHP Jim Unknown
Batting: RHB Alfredo Chávez 0-0: Ball
1-0: Ball
2-0: Ball
3-0: Hit by Pitch
Batting: RHB Will Hunter 0-0: Ball
1-0: Swinging Strike
1-1: Fly out, F4 (Popup, 4)
Batting: RHB Nathan Boswell 0-0: Called Strike
0-1: Ground out 5-3 (Groundball, 5S)
Alfredo Chávez to second
Batting: RHB Júlio López 0-0: Ball
1-0: Foul Ball, location: 2F
1-1: Ball
2-1: Foul Ball, location: 2F
2-2: Strikes out swinging
Top of the 2nd over - 0 run(s), 0 hit(s), 0 error(s), 1 left on base; Irving 2 - Springfield 1
BOTTOM OF THE 2ND
Springfield Shooters batting - Pitching for Irving Blue Sox : RHP Andy Perry
Batting: RHB Jim Unknown 0-0: Swinging Strike
0-1: Ground out 2-3 (Groundball, 25)
Batting: RHB Jim Unknown 0-0: Foul Ball, location: 2F
0-1: Fly out, F9 (Popup, 89S)
Batting: LHB Jim Unknown 0-0: Called Strike
0-1: DOUBLE (Line Drive, 78M)
Batting: RHB Tom Potts 0-0: Swinging Strike
0-1: Ball
1-1: Called Strike
1-2: Foul Ball, location: 2F
1-2: Ball
2-2: Strikes out looking
Bottom of the 2nd over - 0 run(s), 1 hit(s), 0 error(s), 1 left on base; Irving 2 - Springfield 1
TOP OF THE 3RD
Irving Blue Sox batting - Pitching for Springfield Shooters : RHP Jim Unknown
Batting: RHB Stan Barnes 0-0: Foul Ball, location: 2F
0-1: Ground out 4-3 (Groundball, 4)
Batting: RHB Dennis Newell 0-0: Called Strike
0-1: Called Strike
0-2: Ball
1-2: Foul Ball, location: 2F
1-2: Strikes out swinging
Batting: LHB Kyle James 0-0: Foul Ball, location: 2F
0-1: Called Strike
0-2: Strikes out swinging
Top of the 3rd over - 0 run(s), 0 hit(s), 0 error(s), 0 left on base; Irving 2 - Springfield 1
BOTTOM OF THE 3RD
Springfield Shooters batting - Pitching for Irving Blue Sox : RHP Andy Perry
Batting: RHB Jim Unknown 0-0: Ball
1-0: TRIPLE (Line Drive, 78M)
Batting: SHB Jared Jefferson 0-0: Ball
1-0: Ball
2-0: Ground out 4-3 (Groundball, 4M)
Jim Unknown scores
Batting: RHB Randy Galloway 0-0: Called Strike
0-1: Ground out 5-3 (Groundball, 56S)
Batting: SHB Adrián Pueblo 0-0: Ball
1-0: Foul Ball, location: 2F
1-1: Ball
2-1: Ground out 6-3 (Groundball, 6)
Bottom of the 3rd over - 1 run(s), 1 hit(s), 0 error(s), 0 left on base; Irving 2 - Springfield 2
TOP OF THE 4TH
Irving Blue Sox batting - Pitching for Springfield Shooters : RHP Jim Unknown
Batting: RHB Pat Lugo 0-0: Called Strike
0-1: Called Strike
0-2: Foul Ball, location: 2F
0-2: Strikes out looking
Batting: RHB Danny Hall 0-0: Called Strike
0-1: SINGLE (Line Drive, 6M)
Batting: RHB Alfredo Chávez 0-0: Called Strike
0-1: Ball
1-1: Ball
2-1: Fly out, F9 (Flyball, 9LS)
Batting: RHB Will Hunter 0-0: Ground out 1-3 (Groundball, 13)
Top of the 4th over - 0 run(s), 1 hit(s), 0 error(s), 1 left on base; Irving 2 - Springfield 2
BOTTOM OF THE 4TH
Springfield Shooters batting - Pitching for Irving Blue Sox : RHP Andy Perry
Batting: RHB Jim Unknown 0-0: Ball
1-0: Called Strike
1-1: Called Strike
1-2: Fly out, F8 (Flyball, 8RD)
Batting: RHB Jim Unknown 0-0: Ball
1-0: Ball
2-0: Called Strike
2-1: Ground out 1-3 (Groundball, 15S)
Batting: RHB Jim Unknown 0-0: Called Strike
0-1: Ball
1-1: Foul Ball, location: 2F
1-2: Foul Ball, location: 2F
1-2: Ball
2-2: Foul Ball, location: 2F
2-2: Ball
3-2: Foul Ball, location: 2F
3-2: Strikes out looking
Bottom of the 4th over - 0 run(s), 0 hit(s), 0 error(s), 0 left on base; Irving 2 - Springfield 2
TOP OF THE 5TH
Irving Blue Sox batting - Pitching for Springfield Shooters : RHP Jim Unknown
Batting: RHB Nathan Boswell 0-0: Called Strike
0-1: DOUBLE (Line Drive, 7LM)
Batting: RHB Júlio López 0-0: Foul Ball, location: 2F
0-1: Ball
1-1: Swinging Strike
1-2: Strikes out looking
Batting: RHB Stan Barnes 0-0: Ball
1-0: Ball
2-0: Ball
3-0: Called Strike
3-1: Base on Balls
Batting: RHB Dennis Newell 0-0: Ball
1-0: Called Strike
1-1: Ball
2-1: Swinging Strike
2-2: Ball
3-2: Foul Ball, location: 2F
3-2: Grounds into double play, 5-4-3 (Groundball, 5)
Top of the 5th over - 0 run(s), 1 hit(s), 0 error(s), 1 left on base; Irving 2 - Springfield 2
BOTTOM OF THE 5TH
Springfield Shooters batting - Pitching for Irving Blue Sox : RHP Andy Perry
Batting: LHB Jim Unknown 0-0: Fly out, F5 (Popup, 5F)
Batting: RHB Tom Potts 0-0: Called Strike
0-1: Foul Ball, location: 2F
0-2: SINGLE (Line Drive, 78M)
Batting: RHB Jim Unknown 0-0: Called Strike
0-1: Ball
1-1: SINGLE (Line Drive, 4MD)
Tom Potts to second
Runner from 2nd tries for 3rd, SAFE, no throw or cutoff
Batting: SHB Jared Jefferson Pickoff Throw to First - Out!
0-0: Called Strike
0-1: Ground out 1-3 (Groundball, 23)
Bottom of the 5th over - 0 run(s), 2 hit(s), 0 error(s), 1 left on base; Irving 2 - Springfield 2
TOP OF THE 6TH
Irving Blue Sox batting - Pitching for Springfield Shooters : RHP Jim Unknown
Batting: LHB Kyle James 0-0: Ground out 2-3 (Groundball, 23)
Batting: RHB Pat Lugo 0-0: Ball
1-0: Called Strike
1-1: Foul Ball, location: 2F
1-2: Ball
2-2: Fly out, F8 (Flyball, 8LM)
Batting: RHB Danny Hall 0-0: Ball
1-0: Ball
2-0: Ball
3-0: Called Strike
3-1: Called Strike
3-2: Base on Balls
Batting: RHB Alfredo Chávez 0-0: Ball
1-0: Fly out, F5 (Line Drive, 5)
Top of the 6th over - 0 run(s), 0 hit(s), 0 error(s), 1 left on base; Irving 2 - Springfield 2
BOTTOM OF THE 6TH
Springfield Shooters batting - Pitching for Irving Blue Sox : RHP Andy Perry
Batting: RHB Randy Galloway 0-0: Ball
1-0: Ball
2-0: Called Strike
2-1: Fly out, F9 (Flyball, 9D)
Batting: SHB Adrián Pueblo 0-0: Ground out 5-3 (Groundball, 5)
Batting: RHB Jim Unknown 0-0: Ball
1-0: Ball
2-0: Foul Ball, location: 2F
2-1: SINGLE (Groundball, 6MD)
Pitching: RHP Armando Delvalle
Batting: RHB Jim Unknown 0-0: Ball
1-0: Foul Ball, location: 2F
1-1: Foul Ball, location: 2F
1-2: SINGLE (Groundball, 56)
Jim Unknown to second
Batting: RHB Jim Unknown 0-0: Called Strike
0-1: Ball
1-1: Ball
2-1: Swinging Strike
2-2: Ball
3-2: Base on Balls
Jim Unknown to third
Jim Unknown to second
Batting: LHB Jim Unknown 0-0: Swinging Strike
0-1: Called Strike
0-2: Ball
1-2: Ball
2-2: Foul Ball, location: 2F
2-2: SINGLE (Groundball, 4M)
Jim Unknown scores
Jim Unknown to third
Jim Unknown to second
Runner from 3rd tries for Home, SAFE, no throw or cutoff
Batting: RHB Tom Potts 0-0: Called Strike
0-1: Swinging Strike
0-2: Ball
1-2: Fly out, F3 (Popup, 3F)
Bottom of the 6th over - 2 run(s), 3 hit(s), 0 error(s), 2 left on base; Irving 2 - Springfield 4
TOP OF THE 7TH
Irving Blue Sox batting - Pitching for Springfield Shooters : RHP Jim Unknown
Batting: RHB Will Hunter 0-0: Ball
1-0: Ball
2-0: Swinging Strike
2-1: Called Strike
2-2: Foul Ball, location: 2F
2-2: Foul Ball, location: 2F
2-2: SINGLE (Line Drive, 78M)
Batting: RHB Nathan Boswell 0-0: Bunted foul
0-1: Bunted foul
0-2: Foul Ball, location: 2F
0-2: Ball
1-2: Ball
Wild Pitch!
Will Hunter to second
2-2: Ball
3-2: Fly out, F3 (Popup, 3SF)
Batting: RHB Júlio López 0-0: Ground out 4-3 (Groundball, 4M)
Will Hunter to third
Batting: RHB Stan Barnes 0-0: Called Strike
0-1: Ball
1-1: Ball
2-1: Called Strike
2-2: Ball
3-2: Base on Balls
Pinch Hitting: SHB Curt Finley 0-0: Ground out 1-3 (Groundball, 15S)
Top of the 7th over - 0 run(s), 1 hit(s), 0 error(s), 2 left on base; Irving 2 - Springfield 4
BOTTOM OF THE 7TH
Springfield Shooters batting - Pitching for Irving Blue Sox : RHP Armando Delvalle
Now in CF: Curt Finley
Batting: RHB Jim Unknown 0-0: Called Strike
0-1: Ball
1-1: Swinging Strike
1-2: Ground out 1-3 (Groundball, 15S)
Batting: SHB Jared Jefferson 0-0: Fly out, F8 (Popup, 4MD)
Batting: RHB Randy Galloway 0-0: Called Strike
0-1: Ground out 4-3 (Groundball, 4)
Bottom of the 7th over - 0 run(s), 0 hit(s), 0 error(s), 0 left on base; Irving 2 - Springfield 4
TOP OF THE 8TH
Irving Blue Sox batting - Pitching for Springfield Shooters : RHP Jim Unknown
Batting: LHB Kyle James 0-0: Ball
1-0: Ball
2-0: Foul Ball, location: 2F
2-1: Called Strike
2-2: Foul Ball, location: 2F
2-2: Fly out, F7 (Flyball, 7M)
Pitching: RHP Jim Unknown
Batting: RHB Pat Lugo 0-0: Ball
1-0: SINGLE (Popup, 6M)
Batting: RHB Danny Hall 0-0: Fly out, F7 (Line Drive, 78S)
Batting: RHB Alfredo Chávez 0-0: Called Strike
0-1: Ball
1-1: Foul Ball, location: 2F
1-2: Ball
2-2: Foul Ball, location: 2F
2-2: Ball
3-2: Hit by Pitch
Pat Lugo to second
Batting: RHB Will Hunter 0-0: Called Strike
0-1: Foul Ball, location: 2F
0-2: Ball
1-2: Ball
2-2: Foul Ball, location: 2F
2-2: Fly out, F9 (Flyball, 9LM)
Top of the 8th over - 0 run(s), 1 hit(s), 0 error(s), 2 left on base; Irving 2 - Springfield 4
BOTTOM OF THE 8TH
Springfield Shooters batting - Pitching for Irving Blue Sox : RHP Armando Delvalle
Batting: SHB Adrián Pueblo 0-0: Ball
1-0: DOUBLE (Line Drive, 9LM)
Batting: RHB Jim Unknown 0-0: Ball
1-0: Fly out, F3 (Popup, 34D)
Batting: RHB Jim Unknown 0-0: Ball
1-0: Swinging Strike
1-1: Fly out, F6 (Line Drive, 6)
1-1: Fly out, F6 (Line Drive, 6)
Batting: RHB Jim Unknown 0-0: Ball
1-0: Fly out, F3 (Popup, 3F)
Bottom of the 8th over - 0 run(s), 1 hit(s), 0 error(s), 1 left on base; Irving 2 - Springfield 4
TOP OF THE 9TH
Irving Blue Sox batting - Pitching for Springfield Shooters : RHP Jim Unknown
Batting: RHB Nathan Boswell 0-0: Ball
1-0: Ball
2-0: Ball
3-0: Called Strike
3-1: Foul Ball, location: 2F
3-2: Fly out, F9 (Flyball, 89M)
Batting: RHB Júlio López 0-0: Called Strike
0-1: SINGLE (Groundball, 34S)
Batting: RHB Stan Barnes 0-0: Swinging Strike
0-1: Ground out 2-3 (Groundball, 23)
Júlio López to second
Batting: SHB Curt Finley 0-0: Called Strike
0-1: Foul Ball, location: 2F
0-2: Ball
1-2: Ground out 4-3 (Groundball, 4)
Top of the 9th over - 0 run(s), 1 hit(s), 0 error(s), 1 left on base; Irving 2 - Springfield 4
This league is powered by Out of the Park Baseball, the baseball management simulation game for PC, Mac and Linux
Friday, October 23rd, 2015 - OOTP Baseball 16.9 Build 39